 Dungeon Crawl Stone Soup version 0.30-a0-937-ga0a21ad780 (webtiles) character file.

Game seed: 9695441669567944431

72 cheesebisquit the Firebug (level 4, 0/49 HPs)
             Began as a Draconian Fire Elementalist on Mar 24, 2023.
             Slain by an orc
             ... wielding a +0 trident
              (5 damage)
             ... on level 2 of the Dungeon.
             The game lasted 00:04:26 (1339 turns).

cheesebisquit the Firebug (DrFE)                    Turns: 1339, Time: 00:04:27

Health: 0/49       AC:  5    Str: 10    XL:     4   Next: 6%
Magic:  1/8        EV: 12    Int: 18    God:
Gold:   106        SH:  0    Dex: 11    Spells: 7/8 levels left

rFire   . . .      SeeInvis .    a - +1 whip (holy)
rCold   . . .      Faith    .    (no shield)
rNeg    . . .      Spirit   .    (body armour unavailable)
rPois   .          Reflect  .    (helmet restricted)
rElec   .          Rampage  .    (no cloak)
rCorr   .                        (no gloves)
Will    .....                    (no boots) Stlth
                                 (no amulet)
HPRegen 0.28/turn                (no ring)
MPRegen 0.11/turn                (no ring)

@: berserking (expiring), attractive, very quick
A: AC +5, unfitting armour, cold-blooded
a: no special abilities


You were on level 2 of the Dungeon.
You visited 1 branch of the dungeon, and saw 4 of its levels.

You collected 106 gold pieces.

Inventory:

Hand Weapons
 a - a +1 whip of holy wrath (weapon)
Scrolls
 b - 3 scrolls of identify {unknown}
 c - a scroll of torment {unknown}
 d - 2 scrolls of fear {unknown}
 g - a scroll of enchant weapon {unknown}
Potions
 f - a potion of attraction


   Skills:
 - Level 1.7 Dodging
 - Level 1.7 Stealth
 + Level 2.8 Spellcasting
 - Level 1.0 Conjurations
 * Level 4.4 Fire Magic


You had 7 spell levels left.
You knew the following spells:

 Your Spells              Type           Power      Damage    Failure   Level
a - Foxfire               Conj/Fire      48%        2x1d6     5%          1

Your spell library contained the following spells:

 Spells                   Type           Power      Damage    Failure   Level
 Scorch                   Fire           36%        2d6       4%          2
 Inner Flame              Hex/Fire       10%        N/A       21%         3
 Kindle Blastsparks       Fire/Tloc/Air  14%        2d11      26%         3
 Flame Wave               Conj/Fire      12%        2d6       47%         4


Dungeon Overview and Level Annotations

Branches:
Dungeon (4/15)
 Temple: D:4-7

Altars:


Innate Abilities, Weirdness & Mutations

Your plain brown scales are hard. (AC +5)
You cannot fit into any form of body armour.
You are cold-blooded and may be slowed by cold attacks.


Message History

The orc wizard is severely wounded.
The foxfire hits the orc wizard.
The orc wizard is almost dead.
The orc hits you from afar with a +0 trident.
The orc wizard hits you with a +0 dagger.
You are too injured to fight recklessly!
You barely miss the orc wizard.
The orc wizard is almost dead.
The orc wizard casts a spell at you.
You are confused.
The orc closely misses you.
You closely miss the orc wizard.
Your tail-slap misses the orc wizard.
The orc wizard is almost dead.
The orc wizard hits you but does no damage.
The orc hits you from afar with a +0 trident.
* * * LOW HITPOINT WARNING * * *
It was a potion of attraction.
You feel attractive to monsters.
The orc wizard hits you but does no damage.
The orc barely misses you. The orc is attracted toward you. x2
It was a potion of berserk rage.
A red film seems to cover your vision as you go berserk!
You feel yourself moving faster!
You feel mighty!
The orc wizard hits you but does no damage.
The orc hits you with a +0 trident.
* * * LOW HITPOINT WARNING * * *
You bump into the rock wall.
You feel a strong urge to attack something.
The orc wizard closely misses you.
You hit the orc.
The orc is severely wounded.
You miss the orc wizard.
The orc wizard is almost dead.
The orc wizard closely misses you. The orc completely misses you.
The orc hits you but does no damage.
You bump into the rock wall.
You feel less confused. The orc wizard casts a spell at you.
You resist with some effort. The orc hits you with a +0 trident.
You die...

#..# #..# #..#
#..# #..# #..#
########..# #
........>.##.#
########.o@o.#
#.#o### ...#'#
#####.# ...
8.8 ...# ##'##


You could see an orc wizard and 2 orcs.

Vanquished Creatures
  An adder (D:3)
  A gnoll (D:1)
  2 dart slugs (D:1)
  3 orcs (D:2)
  4 endoplasms
  4 giant cockroaches
  3 goblins
  4 hobgoblins (D:1)
  6 jackals (D:1)
  2 quokkas (D:1)
  3 bats
  4 frilled lizards
  2 kobolds
  3 rats (D:1)
42 creatures vanquished.

Vanquished Creatures (others)
  67 foxfires
67 creatures vanquished.

Grand Total: 109 creatures vanquished

Notes
Turn   | Place    | Note
-------+----------+-------------------------------------------
     0 | D:1      | cheesebisquit the Draconian Fire Elementalist began the
                  | quest for the Orb.
     0 | D:1      | Reached XP level 1. HP: 14/14 MP: 3/3
   163 | D:1      | Reached XP level 2. HP: 20/20 MP: 3/5
   377 | D:1      | Reached XP level 3. HP: 7/26 MP: 3/6
   649 | D:1      | Reached skill level 4 in Fire Magic
   791 | D:1      | Found a faded altar of an unknown god.
  1166 | D:2      | You fall into a shaft and drop 2 floors!
  1317 | D:2      | Reached XP level 4. HP: 26/33 MP: 3/8
  1339 | D:2      | Slain by an orc

Illustrated notes

Levels and vault maps discovered:
D:1:      dpeg_arrival_short_road, layout_basic,
          hellmonk_ecumenical_altar_run_dry, minmay_tetromino_s4
D:2:      layout_basic, skrybe_limestone_x, pf_guarded_unrand_delatra
D:3:      layout_loops_ring, uniq_robin, uniq_natasha, uniq_grinder,
          uniq_sigmund
D:4:      layout_rooms

Skill      XL: |  1  2  3 |
---------------+----------+-----
Fire Magic     | 4 |  4.4
Dodging        | |  1.7
Stealth        | |  1.7
Spellcasting   | |  2.8
Conjurations   | |  1.0

Action                     |  1- 3 |  4- 6 || total
---------------------------+-------+-------++-------
  Melee: Unarmed           |    39 |       ||    39
         Tailslap          |     8 |       ||     8
         Whip              |    41 |    14 ||    55
   Cast: Foxfire           |    41 |     4 ||    45
    Use: Potion            |     1 |     2 ||     3
 Armour: Skin              |    49 |     7 ||    56
  Dodge: Dodged            |    83 |    18 ||   101

Table legend: (Time is in decaauts)
 A = Elapsed time spent in this place.
 B = Non-inter-level travel time spent in this place.
 C = Inter-level travel time spent in this place.
 D = Time resting spent in this place.
 E = Time spent auto-exploring this place.
 F = Levels seen in this place.
 G = Mean time per level.
                   A        B        C        D        E       F      G
               +--------+--------+--------+--------+--------+-----+--------+
         Total |   1342 |   1318 |     24 |      0 |   1012 |   4 |  335.5 |
       Dungeon |   1342 |   1318 |     24 |      0 |   1012 |   4 |  335.5 |
               +--------+--------+--------+--------+--------+-----+--------+

Top non-repeatable levels by time:
     D:1: 989 daAuts
     D:2: 231 daAuts
     D:3: 67 daAuts
     D:4: 53 daAuts
